 Dungeon Crawl Stone Soup version 0.25-a0-589-g1e14c549ee (webtiles) character file.

Game seed: 7385130003273548607, levelgen mode: deterministic

161 An17 the Sneak (level 5, -10/28 HPs)
             Began as a Vampire Enchanter on Mar 10, 2020.
             Mangled by an orc
             ... wielding a +3 flail
              (12 damage)
             ... on level 3 of the Dungeon.
             The game lasted 00:08:14 (2050 turns).

An17 the Sneak (Vampire Enchanter)                  Turns: 2050, Time: 00:08:14

Health: -10/28     AC:  4    Str:  7    XL:     5   Next: 19%
Magic:  17/17      EV: 14    Int: 17    God:
Gold:   89         SH:  0    Dex: 16    Spells: 3/8 levels left

rFire    . . .     SeeInvis +   f - +2 dagger (venom)
rCold    + + .     Gourm    .   (no shield)
rNeg     + + +     Faith    .   b - +1 robe
rPois    ∞         Spirit   .   (no helmet)
rElec    .         Reflect  .   (no cloak)
rCorr    .         Harm     .   (no gloves)
MR       +....                  h - +0 pair of boots {Fly}
Stlth    +++++.....             (no amulet)
HPRegen  0.00/turn              l - ring of magical power
MPRegen  0.15/turn              i - ring of protection from magic

@: flying, bloodless
A: no food, fangs 3, see invisible, unbreathing
a: Bat Form, Revivify, Stop Flying


You were on level 3 of the Dungeon.
You were bloodless.

You visited 1 branch of the dungeon, and saw 3 of its levels.

You collected 89 gold pieces.

Inventory:

Hand Weapons
 f - a +2 dagger of venom (weapon)
Missiles
 j - 5 poisoned darts (quivered)
Armour
 b - a +1 robe (worn)
 h - a +0 pair of boots of flying (worn)
Jewellery
 i - a ring of protection from magic (right hand)
 l - a ring of magical power (left hand)
Scrolls
 d - a scroll of amnesia
 g - 3 scrolls of remove curse
 k - a scroll of teleportation
Potions
 a - 2 potions of curing
 c - a potion of resistance {unknown}
 e - a potion of might {unknown}


   Skills:
 + Level 0.7 Fighting
 + Level 2.1 Short Blades
 * Level 3.7 Dodging
 + Level 6.3 Stealth
 + Level 2.3 Spellcasting
 + Level 4.8 Hexes
 + Level 0.6 Ice Magic


You had 3 spell levels left.
You knew the following spells:

 Your Spells              Type           Power        Failure   Level  Hunger
a - Confusing Touch       Hex            ###.....     8%          3    N/A
b - Ensorcelled Hibernat  Hex/Ice        ##....       10%         2    N/A

Your spell library contained the following spells:

 Spells                   Type           Power        Failure   Level  Hunger
 Corona                   Hex            ###....      2%          1    N/A
 Tukima's Dance           Hex            ###.....     8%          3    N/A
 Dazzling Flash           Conj/Hex       ##....       22%         3    N/A

Dungeon Overview and Level Annotations

Branches:
Dungeon (3/15)

Altars:
Ashenzari
Cheibriados
Dithmenos
Fedhas
Hepliaklqana
Qazlal

Annotations:
D:3 3 runed translucent doors, Thargor's ghost, amateur GrMo


Innate Abilities, Weirdness & Mutations

You do not eat.
You do not regenerate when monsters are visible.
You are frail without blood (-20% HP).
You can heal yourself when you bite living creatures.
You are immune to poison.
You have razor-sharp teeth.
You have supernaturally acute eyesight. (SInv)
You can survive without breathing.


Message History

Confirm with . or Enter, or press ? or * to list all spells.
Aiming: Ensorcelled Hibernation (safe; 10% risk of failure)
Press: ? - help, Shift-Dir - straight line, f/p - orc
Aim: an orc, wielding a +3 flail and wearing a +0 ring mail of fire resistance (lightly wounded, chance to defeat MR: 60%)
The orc resists with significant effort.
Your magical contamination has completely faded away.
There is a stone staircase leading down here.
The orc completely misses you.
There is a stone staircase leading down here.
Okay, then.
The orc hits you but does no damage.
Casting: Ensorcelled Hibernation (safe; 10% risk of failure)
Confirm with . or Enter, or press ? or * to list all spells.
Aiming: Ensorcelled Hibernation (safe; 10% risk of failure)
Press: ? - help, Shift-Dir - straight line, f/p - orc
Aim: an orc, wielding a +3 flail and wearing a +0 ring mail of fire resistance (chance to defeat MR: 60%)
The orc resists with significant effort.
The orc loudly roars encouragement to no one in particular.
The orc hits you with a +3 flail!
You die...

### ..# ..# ##########
..######## #........#
.........# #.######.#
...#####.# #####.######.#
...# #.####............#
..######..........######.#
...............o@.# #.#
..##########>.###.#
#.######## #.# #..# #.#
#...>....# #.# #..# #.#
#.######.# #.# #.<# #.#
#.# #.# ..# #..# #.# #.#
#.# ### #..# #.# #.# #.# #
#..# #.######.######.# #
#..# #.#.............#


You could see an orc.

Vanquished Creatures
  An orc wizard (D:3)
  3 adders
  2 oozes (D:1)
  2 worms
  A dart slug (D:1)
  4 leopard geckos
  3 orcs (D:3)
  2 giant cockroaches
  10 goblins
  7 hobgoblins
  10 jackals
  A quokka (D:3)
  A ball python (D:3)
  14 bats
  2 frilled lizards (D:1)
  8 kobolds
  7 rats
78 creatures vanquished.

Notes
Turn   | Place    | Note
-------+----------+-------------------------------------------
     0 | D:1      | An17 the Vampire Enchanter began the quest for the Orb.
     0 | D:1      | Reached XP level 1. HP: 13/13 MP: 3/3
    98 | D:1      | Reached XP level 2. HP: 20/20 MP: 5/5
   102 | D:1      | Learned a level 2 spell: Ensorcelled Hibernation
   121 | D:1      | Reached skill level 5 in Stealth
   507 | D:1      | Reached XP level 3. HP: 25/25 MP: 6/6
   512 | D:1      | Learned a level 3 spell: Confusing Touch
   516 | D:1      | You fall into a shaft and drop 1 floor!
  1057 | D:2      | Reached XP level 4. HP: 24/24 MP: 4/7
  1334 | D:3      | Found a blossoming altar of Fedhas.
  1544 | D:3      | Found a runed translucent gate.
  1545 | D:3      | Found a runed translucent gate.
  1545 | D:3      | Noticed Thargor's ghost (amateur GrMo)
  1546 | D:3      | Noticed a big kobold
  1547 | D:3      | Found a runed translucent gate.
  1745 | D:3      | Reached skill level 6 in Stealth
  1755 | D:3      | Found a shattered altar of Ashenzari.
  1756 | D:3      | Found a hazy altar of Hepliaklqana.
  1756 | D:3      | Found a snail-covered altar of Cheibriados.
  1759 | D:3      | Found a shadowy altar of Dithmenos.
  1760 | D:3      | Found a stormy altar of Qazlal.
  1777 | D:3      | Reached XP level 5. HP: 26/28 MP: 8/8
  2050 | D:3      | Mangled by an orc

Levels and vault maps discovered:
D:1:      saegor_arrival_under_anarchy, layout_basic, kennysheep_pointless_box,
          minmay_heptomino_o4
D:2:      layout_rooms
D:3:      layout_loops_ring, fedhas_altar_1, grunt_temple_overflow_open,
          first_ration, gammafunk_ghost_nasty_kobolds

Skill      XL: |  1  2  3  4 |
---------------+-------------+-----
Stealth        | 5 6 |  6.3
Dodging        | 3 |  3.7
Short Blades   | 2 |  2.1
Fighting       | |  0.7
Spellcasting   | |  2.3
Hexes          | |  4.8
Ice Magic      | |  0.6

Action                   |  1- 3 |  4- 6 || total
-------------------------+-------+-------++-------
Melee: Dagger            |   118 |    81 ||   199
       Bite              |     7 |     6 ||    13
 Cast: Corona            |     2 |       ||     2
       Ensorcelled Hiber |     6 |    12 ||    18
 Abil: Exsanguinate      |     1 |       ||     1
  Use: Scroll            |     4 |     6 ||    10
 Stab: Sleeping          |    18 |    20 ||    38
Armor: Robe              |    24 |    11 ||    35
Dodge: Dodged            |    84 |    57 ||   141

Table legend:
 A = Non-vault XP
 B = Vault XP
 C = Vault XP percentage of total XP
 D = Non-vault monster count
 E = Vault monster count
 F = Vault count percentage of total count
                 A         B        C        D         E       F
            +---------+---------+-------+---------+---------+-------
      Total |     223 |       8 |   3.5 |      76 |       2 |   2.6
            +---------+---------+-------+---------+---------+-------
        D:1 |      49 |       8 |  14.0 |      22 |       2 |   8.3
        D:2 |      48 |       0 |   0.0 |      21 |       0 |   0.0
        D:3 |     126 |       0 |   0.0 |      33 |       0 |   0.0
            +---------+---------+-------+---------+---------+-------
